 Dungeon Crawl Stone Soup version 0.30.1-11-g7821555f0a (webtiles) character file.

Game seed: 18346227069976167705

103 Psyclone the Conjurer (level 4, -5/24 HPs)
             Began as a Deep Elf Conjurer on Nov 9, 2023.
             Slain by Ijyb
             ... wielding a +0 club
              (10 damage)
             ... on level 3 of the Dungeon.
             The game lasted 00:04:41 (2342 turns).

Psyclone the Conjurer (Deep Elf Conjurer)           Turns: 2342, Time: 00:04:42

Health: -5/24      AC:  4    Str:  4    XL:     4   Next: 51%
Magic:  4/12       EV: 12    Int: 31    God:
Gold:   32         SH:  0    Dex: 13    Spells: 8/11 levels left

rFire   . . .        (no weapon)
rCold   . . .        (no shield)
rNeg    . . .        a - +1 robe
rPois   .            g - +0 helmet
rElec   .            (no cloak)
rCorr   .            (no gloves)
SInv    .            (no boots)
Will    .....        (no amulet)
Stlth   ++           c - +6 ring of intelligence
HPRegen 0.24/turn    (no ring)
MPRegen 0.13/turn

%: no passive effects
@: no status effects
A: no striking features
a: no special abilities


You were on level 3 of the Dungeon.
You visited 1 branch of the dungeon, and saw 3 of its levels.

You collected 32 gold pieces.

Inventory:

Armour
 a - a +1 robe (worn)
 g - a +0 helmet (worn)
Jewellery
 c - a +6 ring of intelligence (left hand)
Scrolls
 d - a scroll of noise
 h - a scroll of enchant armour
 i - a scroll of silence {!r}
 j - a scroll of enchant weapon
 k - a scroll of fog
 l - a scroll of identify {@r1}
 n - a scroll of teleportation
 o - a scroll of immolation
Potions
 b - a potion of magic
 f - 2 potions of heal wounds
 m - a potion of curing


   Skills:
 - Level 2.4 Dodging
 - Level 2.4 Stealth
 + Level 4.4 Spellcasting
 * Level 6.0 Conjurations


You had 8 spell levels left.
You knew the following spells:

 Your Spells              Type           Power      Damage    Failure   Level
a - Magic Dart            Conj           100%       1d8       1%          1
b - Searing Ray           Conj           88%        2d7       1%          2

Your spell library contained the following spells:

 Spells                   Type           Power      Damage    Failure   Level
 Dazzling Flash           Conj/Hex       50%        N/A       4%          3
 Mephitic Cloud           Conj/Pois/Air  19%        N/A       8%          3
 Poisonous Vapours        Pois/Air       12%        N/A       9%          2
 Sublimation of Blood     Necr           6%         N/A       9%          2
 Fulminant Prism          Conj/Hex       12%        3d8       17%         4
 Iskenderun's Mystic Bla  Conj/Tloc      25%        2d7       17%         4
 Irradiate                Conj/Tmut      12%        3d15      43%         5
 Petrify                  Tmut/Erth      6%         N/A       50%         4
 Freezing Cloud           Conj/Ice/Air   9%         6-21      56%         5


Dungeon Overview and Level Annotations

Branches:
Dungeon (3/15) Zot: 15650

Altars:

Shops:
D:1 (

Annotations:
D:3 Ijyb, Robin


Message History

You now have 7/12 mp.
The searing ray hits Ijyb.
Ijyb is moderately wounded.
The searing ray hits the hobgoblin!
You kill the hobgoblin!
The goblin hits you but does no damage.
Your Conjurations skill increases to level 6!
You now have 6/12 mp.
The searing ray hits Ijyb but does no damage.
Ijyb is moderately wounded.
You finish channelling your searing ray.
The goblin hits you but does no damage.
Robin says, "Feeling lonely?"
You now have 5/12 mp.
Casting: Searing Ray (safe; 1% risk of failure)
Confirm with . or Enter, or press ? or * to list all spells.
Aiming: Searing Ray (safe; 1% risk of failure)
Press: ? - help, Shift-Dir - straight line, f - goblin
Aim: a goblin, wielding a +0 club (77% to hit)
The searing ray hits the goblin!
You kill the goblin! (Press . to maintain the ray.) Ijyb zaps a wand.
You suddenly lose the ability to move!
A kobold comes into view. It is wielding a +0 short sword.
Robin throws Ijyb at you! Ijyb hits you with a +0 club.
Robin hits you from afar with a +0 spear.
Ijyb completely misses you. Ijyb hits you with a +0 club.
Robin roars a battlecry!
The goblins go into a battle-frenzy!
You hear a shout!
You hear a shout!
Ijyb hits you with a +0 club!
* * * LOW HITPOINT WARNING * * *
Robin hits you from afar with a +0 spear.
* * * LOW HITPOINT WARNING * * *
You can move again.
You take 19 damage, and have 5/24 hp.
MASSIVE DAMAGE!!
You now have 4/12 mp.
Ijyb hits you with a +0 club!
You die...

#.# #.#
############.######
..................#
#####.#####....##.#
#.# #....##.# #.##
###..##)# #..#
#..##.######. ##<#
#...@g....... #.#
#.###.######. #.#
#.# #g# #.# #.# #†#
#.# #.# #g# #.# #..
.K. #.# #. ... #.#
#. ... .....


You could see Ijyb (strong), Robin, a hobgoblin (strong) and a kobold.

Vanquished Creatures
  3 adders (D:2)
  2 dart slugs
  5 ball pythons
  6 bats
  5 endoplasms
  A giant cockroach (D:2)
  10 goblins
  5 hobgoblins
  6 jackals (D:2)
  2 quokkas
  8 frilled lizards
  10 kobolds
  5 rats
68 creatures vanquished.

Notes
Turn   | Place    | Note
-------+----------+-------------------------------------------
     0 | D:1      | Psyclone the Deep Elf Conjurer began the quest for the Orb.
     0 | D:1      | Reached XP level 1. HP: 10/10 MP: 6/6
    84 | D:1      | Found Wezea's Weapon Emporium.
   171 | D:1      | Reached XP level 2. HP: 15/15 MP: 5/8
   174 | D:1      | Learned a level 2 spell: Searing Ray
   517 | D:1      | Reached skill level 5 in Conjurations
   883 | D:2      | Reached XP level 3. HP: 19/19 MP: 5/10
  1430 | D:2      | Reached XP level 4. HP: 24/24 MP: 10/12
  1933 | D:2      | Found a faded altar of an unknown god.
  2329 | D:3      | Noticed Ijyb
  2330 | D:3      | Noticed Robin
  2336 | D:3      | Reached skill level 6 in Conjurations
  2337 | D:3      | Paralysed by Ijyb for 5 turns
  2342 | D:3      | Slain by Ijyb

Illustrated notes

Levels and vault maps discovered:
D:1:      minmay_arrival_cross, layout_rooms, serial_shops, shop,
          chequers_serial_rivers_small_3
D:2:      minmay_spotlight, layout_loops_ring,
          shapermc_ecumenical_altar_hornbeckon, lexackson_kobold_supper
D:3:      layout_loops_ring, mainiacjoe_overflow_small_starburst,
          nicolae_hepliaklqana_monster_ancestors,
          nicolae_overflow_hidden_temple, nicolae_goblin_pals

Skill      XL: |  1  2  3  4 |
---------------+-------------+-----
Conjurations   | 5 6 |  6.0
Spellcasting   | 4 |  4.4
Dodging        | |  2.4
Stealth        | |  2.4

Action                     |  1- 3 |  4- 6 || total
---------------------------+-------+-------++-------
  Melee: Unarmed           |     1 |       ||     1
   Cast: Magic Dart        |    70 |    38 ||   108
         Searing Ray       |     3 |     2 ||     5
    Use: Scroll            |     7 |     4 ||    11
         Potion            |     1 |       ||     1
   Stab: Sleeping          |     1 |       ||     1
 Armour: Robe              |     9 |     6 ||    15
  Dodge: Dodged            |    14 |     9 ||    23
